 Dungeon Crawl Stone Soup version 0.26.1-2-gb8aa6d0cf2 (webtiles) character file.

Game seed: 18427074879784105273

43 Goaboa the Conjurer (level 3, 16/16 HPs)
             Began as a Spriggan Conjurer on Feb 19, 2021.
             Quit the game on level 2 of the Dungeon.
             The game lasted 00:03:02 (1756 turns).

Goaboa the Conjurer (Spriggan Conjurer)             Turns: 1756, Time: 00:03:02

Health: 16/16      AC:  2    Str:  3    XL:     3   Next: 37%
Magic:  8/8        EV: 18    Int: 20    God:
Gold:   57         SH:  0    Dex: 14    Spells: 7/8 levels left

rFire    . . .     SeeInvis +   (weapon restricted)
rCold    . . .     Faith    .   (shield restricted)
rNeg     . . .     Spirit   .   a - +0 robe
rPois    .         Reflect  .   (helmet restricted)
rElec    .         Harm     .   (no cloak)
rCorr    .         Rampage  .   (gloves unavailable)
Will     .....                  (boots unavailable)
Stlth    ++........             (no amulet)
HPRegen  0.05/turn              (no ring)
MPRegen  0.11/turn              (no ring)

@: very quick
A: very small, unfitting armour, see invisible, speed 3
a: no special abilities


You were on level 2 of the Dungeon.
You visited 1 branch of the dungeon, and saw 2 of its levels.

You collected 57 gold pieces.

Inventory:

Armour
 a - a +0 robe (worn)
Scrolls
 b - 2 scrolls of magic mapping {unknown}
 e - a scroll of remove curse {unknown}
 f - a scroll of identify {unknown}
Potions
 c - a potion of might {unknown}
 d - 2 potions of curing {unknown}


   Skills:
 + Level 3.1 Dodging
 + Level 3.2 Stealth
 + Level 3.1 Spellcasting
 + Level 3.6 Conjurations


You had 7 spell levels left.
You knew the following spells:

 Your Spells              Type           Power        Failure   Level
a - Magic Dart            Conj           68%          3%          1

Your spell library contained the following spells:

 Spells                   Type           Power        Failure   Level
 Searing Ray              Conj           34%          4%          2
 Dazzling Flash           Conj/Hex       20%          21%         3
 Fulminant Prism          Conj/Hex       5%           54%         4
 Iskenderun's Mystic Bla  Conj/Tloc      10%          54%         4


Dungeon Overview and Level Annotations

Branches:
Dungeon (2/15)

Altars:


Innate Abilities, Weirdness & Mutations

You are very small and have problems with some larger weapons.
You are too small for most types of armour.
You have supernaturally acute eyesight. (SInv)
You cover ground extremely quickly.


Message History

You don't have enough magic to cast that spell.
You don't have enough magic to cast that spell.
You don't have enough magic to cast that spell.
You don't have enough magic to cast that spell.
Your magical contamination has completely faded away.
Found a scroll labelled PEOGAGHIYWU and 11 sling bullets.
Found a stone staircase leading down.
f - a scroll labelled PEOGAGHIYWU As you open the door, it creaks loudly!
You hear a shout!
Found a robe.
There is an open door here.
You see here a robe.
Found a stone staircase leading up.
Are you sure you want to abandon this character and quit the game? (Confirm with "yes".)
Okay, then.
Are you sure you want to abandon this character and quit the game? (Confirm with "yes".)
Okay, then.
Are you sure you want to abandon this character and quit the game? (Confirm with "yes".)
Okay, then.
Are you sure you want to abandon this character and quit the game? (Confirm with "yes".)

#.# ... #.# .. ... #.#
#. #.# #.# #.#
#.######.# #.# #.#
#.....##.###.####.##
#.....##............
...##.....#.(....####.##
#....@[.#......# #.#
#.#.###.#....#.####.# <.
#..'...........# ##
####......######
###+#..# #..# ##>..
####.### #.##


There were no monsters in sight!

Vanquished Creatures
  2 adders (D:2)
  A dart slug (D:1)
  A leopard gecko (D:2)
  2 bats (D:2)
  A giant cockroach (D:2)
  3 goblins (D:1)
  3 hobgoblins
  3 frilled lizards
  6 rats (D:2)
22 creatures vanquished.

Notes
Turn   | Place    | Note
-------+----------+-------------------------------------------
     0 | D:1      | Goaboa the Spriggan Conjurer began the quest for the Orb.
     0 | D:1      | Reached XP level 1. HP: 9/9 MP: 5/5
   870 | D:1      | Reached XP level 2. HP: 13/13 MP: 2/6
  1320 | D:2      | Reached XP level 3. HP: 16/16 MP: 4/8
  1756 | D:2      | Quit the game

Illustrated notes

Levels and vault maps discovered:
D:1:      minmay_arrival_solitary_statue, layout_basic
D:2:      layout_basic, marbit_many_paths, minmay_rat_hole

Skill      XL: |  1  2  3 |
---------------+----------+-----
Conjurations   | 3 |  3.6
Spellcasting   | 3 |  3.1
Dodging        | |  3.1
Stealth        | |  3.2

Action                   || total
-------------------------++-------
Melee: Unarmed           ||     1
 Cast: Magic Dart        ||    52
Dodge: Dodged            ||     7
